 Dungeon Crawl Stone Soup version 0.31-a0-188-g5e087ee2ca (webtiles) character file.

Game seed: 16290183418856475829

7 qw the Shooter (level 1, 0/12 HPs)
             Began as a Deep Elf Hunter on June 23, 2023.
             Slain by Robin
             ... wielding a +0 spear
              (1 damage)
             ... on level 2 of the Dungeon.
             The game lasted 00:00:03 (113 turns).

qw the Shooter (Deep Elf Hunter)                     Turns: 113, Time: 00:00:04

Health: 0/12       AC:  3    Str:  8    XL:     1   Next: 83%
Magic:  3/3        EV: 12    Int: 13    God:
Gold:   29         SH:  0    Dex: 18    Spells: 0/0 levels left

rFire   . . .        a - +0 shortbow
rCold   . . .        (shield currently unavailable)
rNeg    . . .        c - +0 leather armour
rPois   .            (no helmet)
rElec   .            (no cloak)
rCorr   .            (no gloves)
SInv    .            (no boots)
Will    .....        (no amulet)
Stlth   ++           (no ring)
HPRegen 0.22/turn    (no ring)
MPRegen 0.08/turn

%: no passive effects
@: no status effects
A: no striking features
a: no special abilities


You were on level 2 of the Dungeon.
You visited 1 branch of the dungeon, and saw 2 of its levels.

You collected 29 gold pieces.


   Skills:
 - Level 1.5 Fighting
 + Level 5.8 Ranged Weapons
 - Level 2.4 Dodging
 - Level 1.2 Stealth


You couldn't memorise any spells.
You didn't know any spells.
Your spell library was empty.

Inventory:

Hand Weapons
 a - a +0 shortbow (weapon)
Armour
 c - a +0 leather armour (worn)
Scrolls
 b - a scroll of butterflies
 d - a scroll of brand weapon {unknown}
Potions
 e - a potion of might {unknown}
 f - a potion of magic {unknown}

Dungeon Overview and Level Annotations

Branches:
Dungeon (1/15)

Altars:

Annotations:
D:2 Robin


Message History

The goblin goes into a battle-frenzy!
You hear a shout!
You shoot an arrow. The arrow barely misses the goblin.
The goblin barely misses you.
You shoot an arrow. The arrow hits the goblin.
You kill the goblin!
Robin hits you from afar with a +0 spear.
You shoot an arrow. The arrow hits Robin.
Robin is moderately wounded.
Robin misses you.
You shoot an arrow.
The arrow hits Robin but does no damage.
Robin is moderately wounded.
Robin says, "Bow before me, strongest of all the hobgoblins!"
Robin hits you from afar with a +0 spear.
You shoot an arrow. The arrow hits Robin.
Robin is heavily wounded.
A goblin comes into view. It is wielding a +0 dagger.
Robin throws the goblin at you! The goblin hits you but does no damage.
Robin barely misses you.
You shoot an arrow. The arrow barely misses the goblin.
A hobgoblin comes into view.
The goblin hits you with a +0 dagger. Robin barely misses you.
You shoot an arrow.
The arrow hits the goblin but does no damage.
The goblin barely misses you. Robin hits you but does no damage.
You shoot an arrow. The arrow barely misses the goblin.
Robin barely misses you. The goblin closely misses you.
A hobgoblin comes into view.
You shoot an arrow. The arrow hits the goblin.
The goblin is moderately wounded.
Robin closely misses you. The goblin hits you with a +0 dagger.
You shoot an arrow. The arrow barely misses the goblin.
The goblin hits you with a +0 dagger.
Robin hits you from afar with a +0 spear.
Robin completely misses you. The goblin misses you.
You shoot an arrow. The arrow hits the goblin.
You kill the goblin!
Robin hits you from afar with a +0 spear.
You die...

# #########.####
#............#
##.#######.##.#+#
#.##g###...######.##....
#...gg)@)#.....##.##....
#.##.#.#...###.##.##....
#.##.####.......#+# ..
#............#
......#######.####
#....### ...# ..###
##### ...


You could see Robin (resistant) and 2 hobgoblins.

Vanquished Creatures
  A worm (D:2)
  4 goblins (D:2)
5 creatures vanquished.

Notes
Turn   | Place    | Note
-------+----------+-------------------------------------------
     0 | D:1      | qw the Deep Elf Hunter began the quest for the Orb.
     0 | D:1      | Reached XP level 1. HP: 12/12 MP: 3/3
     0 | D:1      | 0 ||| qw: Version: 0.3-a-9-g12657ce
     0 | D:1      | 0 ||| qw: Game counter: 3911
     0 | D:1      | 0 ||| qw: Always use a shield: true
     0 | D:1      | 0 ||| qw: God list: Okawaru
     0 | D:1      | 0 ||| qw: Allow faded altars: false
     0 | D:1      | 0 ||| qw: Do Orc after D:15 true
     0 | D:1      | 0 ||| qw: Do second Lair branch before Depths: true
     0 | D:1      | 0 ||| qw: Lair rune preference: random
     0 | D:1      | 0 ||| qw: Plans: Normal
     0 | D:1      | 0 ||| PLANNING D:1-11
    42 | D:1      | You fall into a shaft and drop 1 floor!
   101 | D:2      | Noticed Robin
   112 | D:2      | HP: 2/12 [goblin/+0 dagger[Robin] (3)]
   113 | D:2      | Slain by Robin

Levels and vault maps discovered:
D:1:      nicolae_arrival_memento_mori, layout_rooms
D:2:      layout_loops_ring, minmay_snake_closets, uniq_robin

Action                     || total
---------------------------++-------
   Fire: Shortbow          ||    22
 Armour: Leather armour    ||     2
  Dodge: Dodged            ||    13

Table legend:
 A = Non-vault XP
 B = Vault XP
 C = Vault XP percentage of total XP
 D = Non-vault monster count
 E = Vault monster count
 F = Vault count percentage of total count
                 A         B        C        D         E       F
            +---------+---------+-------+---------+---------+-------
      Total |       5 |       7 |  58.3 |       1 |       4 |  80.0
            +---------+---------+-------+---------+---------+-------
        D:2 |       5 |       7 |  58.3 |       1 |       4 |  80.0
            +---------+---------+-------+---------+---------+-------
